| TOP OF THE 1ST |
|
Asheville Tourists batting - Pitching for Knoxville Blue Jays : RHP Dan Greenhalgh
|
|
Pitching: RHP Dan Greenhalgh
|
|
|
Batting: RHB Ulises Infante
|
0-0: Swinging Strike 0-1: Fly out, F2 (Popup, 25F, EV 87.5 MPH)
|
|
Batting: LHB Steven Morrison
|
0-0: Ball 1-0: Ball 2-0: Foul Ball, location: 2F 2-1: Fly out, F9 (Flyball, 89M, EV 90.0 MPH)
|
|
Batting: RHB Wes Robbins
|
0-0: Ball 1-0: Ball 2-0: Swinging Strike 2-1: Ball 3-1: Called Strike 3-2: Strikes out looking
|
| Top of the 1st over - 0 runs, 0 hits, 0 errors, 0 left on base; Asheville 0 - Knoxville 0 |
| BOTTOM OF THE 1ST |
|
Knoxville Blue Jays batting - Pitching for Asheville Tourists : RHP Frank DeJiulio
|
|
Pitching: RHP Frank DeJiulio
|
|
|
Batting: RHB Alex Taveras
|
0-0: Ground out 5-3 (Groundball, 56S, EV 84.4 MPH)
|
|
Batting: RHB Alex Villalobos
|
0-0: Ball 1-0: Foul Ball, location: 2F 1-1: Swinging Strike 1-2: Strikes out swinging
|
|
Batting: LHB Paul O'Neill
|
0-0: Ground out 6-3 (Groundball, 6, EV 76.3 MPH)
|
| Bottom of the 1st over - 0 runs, 0 hits, 0 errors, 0 left on base; Asheville 0 - Knoxville 0 |
| TOP OF THE 2ND |
|
Asheville Tourists batting - Pitching for Knoxville Blue Jays : RHP Dan Greenhalgh
|
|
Batting: LHB Donald Mazzilli
|
0-0: Foul Ball, location: 2F 0-1: Ball 1-1: Ball 2-1: Ball 3-1: Base on Balls
|
|
Batting: LHB Michael Wishnevski
|
0-0: Called Strike 0-1: Ball 1-1: Ball 2-1: Ball 3-1: Called Strike 3-2: Base on Balls Donald Mazzilli to second
|
|
Batting: RHB Edward Petryschuk
|
0-0: Called Strike 0-1: Swinging Strike 0-2: Ball 1-2: Strikes out looking
|
|
Batting: RHB Gareth Ledbetter
|
0-0: Ball 1-0: Ball 2-0: Called Strike 2-1: SINGLE (Line Drive, 8RS, EV 100.0 MPH) Donald Mazzilli to third Michael Wishnevski to second Runner from 3rd tries for Home, SAFE, throw by CF to home
|
|
Batting: SHB Wayne Simmons
|
0-0: Foul Ball, location: 2F 0-1: Ball 1-1: Foul Ball, location: 2F 1-2: Foul Ball, location: 2F 1-2: Ball 2-2: Strikes out swinging
|
|
Batting: RHB Mike Garcia
|
0-0: Called Strike 0-1: SINGLE (Groundball, 6MD, EV 101.3 MPH) (infield hit) Michael Wishnevski to third Gareth Ledbetter to second
|
|
Batting: RHB Ulises Infante
|
0-0: Called Strike 0-1: Ball 1-1: Called Strike 1-2: Strikes out swinging
|
| Top of the 2nd over - 1 run, 2 hits, 0 errors, 3 left on base; Asheville 1 - Knoxville 0 |
| BOTTOM OF THE 2ND |
|
Knoxville Blue Jays batting - Pitching for Asheville Tourists : RHP Frank DeJiulio
|
|
Batting: LHB Eddie Milner
|
0-0: Called Strike 0-1: Ball 1-1: Foul Ball, location: 2F 1-2: Fly out, F7 (Flyball, 78M, EV 80.0 MPH)
|
|
Batting: RHB Fritzie Connally
|
0-0: Called Strike 0-1: Ball 1-1: Foul Ball, location: 2F 1-2: Fly out, F6 (Popup, P, EV 77.5 MPH)
|
|
Batting: RHB Jose Canseco
|
0-0: Foul Ball, location: 2F 0-1: Ball 1-1: Ball 2-1: Fly out, F4 (Line Drive, 4, EV 71.9 MPH)
|
| Bottom of the 2nd over - 0 runs, 0 hits, 0 errors, 0 left on base; Asheville 1 - Knoxville 0 |
| TOP OF THE 3RD |
|
Asheville Tourists batting - Pitching for Knoxville Blue Jays : RHP Dan Greenhalgh
|
|
Batting: LHB Steven Morrison
|
0-0: Ball 1-0: Ball 2-0: SINGLE (Groundball, 34D, EV 98.1 MPH)
|
|
Batting: RHB Wes Robbins
|
0-0: Ball 1-0: Ball 2-0: Ball 3-0: Base on Balls Steven Morrison to second
|
|
Batting: LHB Donald Mazzilli
|
0-0: Foul Ball, location: 2F 0-1: Swinging Strike 0-2: Ball 1-2: Strikes out swinging
|
|
Batting: LHB Michael Wishnevski
|
0-0: Called Strike 0-1: Ball 1-1: Called Strike 1-2: Foul Ball, location: 2F 1-2: Ball 2-2: Foul Ball, location: 2F 2-2: Ball 3-2: Strikes out swinging
|
|
Batting: RHB Edward Petryschuk
|
0-0: Ball 1-0: Called Strike 1-1: Ball 2-1: Swinging Strike 2-2: Ball 3-2: Foul Ball, location: 2F 3-2: Foul Ball, location: 2F 3-2: Strikes out swinging
|
| Top of the 3rd over - 0 runs, 1 hit, 0 errors, 2 left on base; Asheville 1 - Knoxville 0 |
| BOTTOM OF THE 3RD |
|
Knoxville Blue Jays batting - Pitching for Asheville Tourists : RHP Frank DeJiulio
|
|
Batting: RHB Brian Asselstine
|
0-0: Ball 1-0: Fly out, F7 (Flyball, 7D, EV 85.0 MPH)
|
|
Batting: RHB Jerry Royster
|
0-0: Ground out 6-3 (Groundball, 6, EV 81.9 MPH)
|
|
Batting: RHB Rick Sweet
|
0-0: Ball 1-0: Called Strike 1-1: Ground out 6-3 (Groundball, 6S, EV 71.3 MPH)
|
| Bottom of the 3rd over - 0 runs, 0 hits, 0 errors, 0 left on base; Asheville 1 - Knoxville 0 |
| TOP OF THE 4TH |
|
Asheville Tourists batting - Pitching for Knoxville Blue Jays : RHP Dan Greenhalgh
|
|
Batting: RHB Gareth Ledbetter
|
0-0: Called Strike 0-1: Ball 1-1: Ball 2-1: Called Strike 2-2: DOUBLE (Line Drive, 78XD, EV 107.5 MPH)
|
|
Batting: SHB Wayne Simmons
|
0-0: Foul Ball, location: 2F 0-1: SINGLE (Line Drive, 5D, EV 97.5 MPH) Gareth Ledbetter to third
|
|
Batting: RHB Mike Garcia
|
0-0: Swinging Strike 0-1: Foul Ball, location: 2F 0-2: Foul Ball, location: 2F 0-2: Foul Ball, location: 2F 0-2: Ball 1-2: Strikes out swinging
|
|
Batting: RHB Ulises Infante
|
0-0: Foul Ball, location: 2F 0-1: Foul Ball, location: 2F 0-2: Ball 1-2: Ball 2-2: Ground out 4-3 (Groundball, 13, EV 89.4 MPH) Gareth Ledbetter scores Wayne Simmons to second
|
|
Batting: LHB Steven Morrison
|
0-0: Foul Ball, location: 2F 0-1: Ball 1-1: DOUBLE (Line Drive, 7LS, EV 106.3 MPH) Wayne Simmons scores
|
|
Batting: RHB Wes Robbins
|
0-0: Ball 1-0: SINGLE (Line Drive, 5D, EV 99.4 MPH) Steven Morrison to third Runner from 3rd tries for Home, SAFE, throw by LF to home
|
|
Batting: LHB Donald Mazzilli
|
0-0: Ball 1-0: Foul Ball, location: 2F 1-1: Swinging Strike 1-2: Ball 2-2: Strikes out looking
|
| Top of the 4th over - 3 runs, 4 hits, 0 errors, 1 left on base; Asheville 4 - Knoxville 0 |
| BOTTOM OF THE 4TH |
|
Knoxville Blue Jays batting - Pitching for Asheville Tourists : RHP Frank DeJiulio
|
|
Batting: RHB Alex Taveras
|
0-0: Called Strike 0-1: Foul Ball, location: 2F 0-2: Ball 1-2: Foul Ball, location: 2F 1-2: Ball 2-2: SINGLE (Groundball, 13S, EV 63.1 MPH) (infield hit)
|
|
Batting: RHB Alex Villalobos
|
0-0: Fly out, F8 (Flyball, 8RM, EV 73.1 MPH)
|
|
Batting: LHB Paul O'Neill
|
0-0: Ball 1-0: Ball 2-0: Swinging Strike 2-1: SINGLE (Groundball, 6D, EV 95.0 MPH) Alex Taveras to second Runner from 2nd tries for 3rd, SAFE, no throw by CF
|
|
Batting: LHB Eddie Milner
|
0-0: Called Strike 0-1: Foul Ball, location: 2F 0-2: Strikes out looking
|
|
Batting: RHB Fritzie Connally
|
Pickoff Throw to First - Out! 1-3
|
| Bottom of the 4th over - 0 runs, 2 hits, 0 errors, 1 left on base; Asheville 4 - Knoxville 0 |
| TOP OF THE 5TH |
|
Asheville Tourists batting - Pitching for Knoxville Blue Jays : RHP Dan Greenhalgh
|
|
Batting: LHB Michael Wishnevski
|
0-0: Fly out, F8 (Flyball, 8RS, EV 91.9 MPH)
|
|
Batting: RHB Edward Petryschuk
|
0-0: Reached on error, E5 (Groundball, 5L, EV 83.8 MPH)
|
|
Batting: RHB Gareth Ledbetter
|
0-0: Ball 1-0: Ball 2-0: Ball 3-0: Called Strike 3-1: Foul Ball, location: 2F 3-2: Foul Ball, location: 2F 3-2: Ground out 6-3 (Groundball, 6, EV 84.4 MPH) Edward Petryschuk to second
|
|
Batting: SHB Wayne Simmons
|
0-0: Ball 1-0: Foul Ball, location: 2F 1-1: Swinging Strike 1-2: Ball 2-2: Ball 3-2: Strikes out looking
|
| Top of the 5th over - 0 runs, 0 hits, 1 error, 1 left on base; Asheville 4 - Knoxville 0 |
| BOTTOM OF THE 5TH |
|
Knoxville Blue Jays batting - Pitching for Asheville Tourists : RHP Frank DeJiulio
|
|
Batting: RHB Fritzie Connally
|
0-0: Ball 1-0: Ball 2-0: Ball 3-0: Called Strike 3-1: Foul Ball, location: 2F 3-2: SINGLE (Line Drive, 78M, EV 107.5 MPH)
|
|
Batting: RHB Jose Canseco
|
0-0: Fielders Choice at 2nd, 2-4 (Groundball, 15S, EV 70.0 MPH)
|
|
Batting: RHB Brian Asselstine
|
0-0: Foul Ball, location: 2F 0-1: Ball 1-1: Grounds into double play, 5-4-3 (Groundball, 56S, EV 82.5 MPH)
|
| Bottom of the 5th over - 0 runs, 1 hit, 0 errors, 0 left on base; Asheville 4 - Knoxville 0 |
| TOP OF THE 6TH |
|
Asheville Tourists batting - Pitching for Knoxville Blue Jays : RHP Dan Greenhalgh
|
|
Batting: RHB Mike Garcia
|
0-0: Called Strike 0-1: Foul Ball, location: 2F 0-2: Ball 1-2: Foul Ball, location: 2F 1-2: Ball 2-2: Strikes out swinging
|
|
Batting: RHB Ulises Infante
|
0-0: Called Strike 0-1: Swinging Strike 0-2: Foul Ball, location: 2F 0-2: Ball 1-2: Ball 2-2: Ball 3-2: Strikes out swinging
|
|
Batting: LHB Steven Morrison
|
0-0: Swinging Strike 0-1: Fly out, F9 (Flyball, 9LM, EV 95.0 MPH)
|
| Top of the 6th over - 0 runs, 0 hits, 0 errors, 0 left on base; Asheville 4 - Knoxville 0 |
| BOTTOM OF THE 6TH |
|
Knoxville Blue Jays batting - Pitching for Asheville Tourists : RHP Frank DeJiulio
|
|
Batting: RHB Jerry Royster
|
0-0: Ball 1-0: Ball 2-0: Called Strike 2-1: Ball 3-1: Called Strike 3-2: Foul Ball, location: 2F 3-2: SINGLE (Line Drive, 5D, EV 100.6 MPH)
|
|
Batting: RHB Rick Sweet
|
0-0: Called Strike Jerry Royster steals 2nd base 0-1: Ball 1-1: Foul Ball, location: 2F 1-2: Ball 2-2: Fly out, F8 (Line Drive, 8RD, EV 89.4 MPH) Runner from 2nd tags up, SAFE at 3rd, no throw by CF
|
|
Batting: RHB Alex Taveras
|
0-0: Called Strike 0-1: Foul Ball, location: 2F 0-2: Fly out, F9 (Flyball, 9, EV 82.5 MPH) Runner from 3rd tags up, SCORES, throw by RF
|
|
Batting: RHB Alex Villalobos
|
0-0: Ball 1-0: Called Strike 1-1: Called Strike 1-2: SINGLE (Line Drive, 89S, EV 110.0 MPH)
|
|
Batting: LHB Paul O'Neill
|
0-0: Called Strike Alex Villalobos steals 2nd base 0-1: Swinging Strike 0-2: Ball 1-2: Foul Ball, location: 2F 1-2: Ball 2-2: SINGLE (Groundball, 56S, EV 69.4 MPH) (infield hit) Alex Villalobos to third
|
|
Batting: LHB Eddie Milner
|
0-0: Ball 1-0: Foul Ball, location: 2F 1-1: Called Strike 1-2: DOUBLE (Line Drive, 78XD, EV 105.6 MPH) Alex Villalobos scores Paul O'Neill to third Runner from 3rd tries for Home, SAFE, throw by CF to trailing runner, SAFE at third!
|
|
Batting: RHB Fritzie Connally
|
0-0: Called Strike 0-1: Ball 1-1: Swinging Strike 1-2: Ball 2-2: Foul Ball, location: 2F 2-2: Ball 3-2: 2-RUN HOME RUN (Flyball, 7D, EV 110.6 MPH), Distance : 407 ft
|
|
Pitching: RHP Robert Allen
|
|
|
Batting: RHB Jose Canseco
|
0-0: Called Strike 0-1: Fly out, F8 (Flyball, 78M, EV 89.4 MPH)
|
| Bottom of the 6th over - 5 runs, 5 hits, 0 errors, 0 left on base; Asheville 4 - Knoxville 5 |
| TOP OF THE 7TH |
|
Asheville Tourists batting - Pitching for Knoxville Blue Jays : RHP Dan Greenhalgh
|
|
Batting: RHB Wes Robbins
|
0-0: Called Strike 0-1: Fly out, F8 (Line Drive, 8RM, EV 86.9 MPH)
|
|
Batting: LHB Donald Mazzilli
|
0-0: Called Strike 0-1: Ball 1-1: Swinging Strike 1-2: Ground out 4-3 (Groundball, 4, EV 80.6 MPH)
|
|
Batting: LHB Michael Wishnevski
|
0-0: Called Strike 0-1: Ball 1-1: Swinging Strike 1-2: Foul Ball, location: 2F 1-2: Strikes out swinging
|
| Top of the 7th over - 0 runs, 0 hits, 0 errors, 0 left on base; Asheville 4 - Knoxville 5 |
| BOTTOM OF THE 7TH |
|
Knoxville Blue Jays batting - Pitching for Asheville Tourists : RHP Robert Allen
|
|
Batting: RHB Brian Asselstine
|
0-0: Called Strike 0-1: Ball 1-1: Foul Ball, location: 2F 1-2: Foul Ball, location: 2F 1-2: Fly out, F6 (Line Drive, 6, EV 62.5 MPH)
|
|
Batting: RHB Jerry Royster
|
0-0: Ball 1-0: Ball 2-0: Called Strike 2-1: Foul Ball, location: 2F 2-2: Foul Ball, location: 2F 2-2: Ball 3-2: Ground out U3 (Groundball, 34S, EV 67.5 MPH)
|
|
Batting: RHB Rick Sweet
|
0-0: Ball 1-0: Foul Ball, location: 2F 1-1: Ball 2-1: Ball 3-1: Foul Ball, location: 2F 3-2: Fly out, F8 (Flyball, 8LXD, EV 108.1 MPH)
|
| Bottom of the 7th over - 0 runs, 0 hits, 0 errors, 0 left on base; Asheville 4 - Knoxville 5 |
| TOP OF THE 8TH |
|
Asheville Tourists batting - Pitching for Knoxville Blue Jays : RHP Dan Greenhalgh
|
|
Batting: RHB Edward Petryschuk
|
0-0: Ball 1-0: Swinging Strike 1-1: Ball 2-1: Foul Ball, location: 2F 2-2: Foul Ball, location: 2F 2-2: Foul Ball, location: 2F 2-2: Ball 3-2: Ground out 4-3 (Groundball, 4, EV 80.6 MPH)
|
|
Batting: RHB Gareth Ledbetter
|
0-0: Foul Ball, location: 2F 0-1: Foul Ball, location: 2F 0-2: Foul Ball, location: 2F 0-2: Strikes out looking
|
|
Batting: SHB Wayne Simmons
|
0-0: Ball 1-0: Swinging Strike 1-1: Called Strike 1-2: Strikes out swinging
|
| Top of the 8th over - 0 runs, 0 hits, 0 errors, 0 left on base; Asheville 4 - Knoxville 5 |
| BOTTOM OF THE 8TH |
|
Knoxville Blue Jays batting - Pitching for Asheville Tourists : RHP Robert Allen
|
|
Batting: RHB Alex Taveras
|
0-0: Foul Ball, location: 2F 0-1: Ball 1-1: Foul Ball, location: 2F 1-2: Fly out, F7 (Flyball, 7LD, EV 83.8 MPH)
|
|
Batting: RHB Alex Villalobos
|
0-0: Fly out, F8 (Flyball, 8RXD, EV 76.3 MPH)
|
|
Batting: LHB Paul O'Neill
|
0-0: Ball 1-0: Foul Ball, location: 2F 1-1: Ball 2-1: Swinging Strike 2-2: Ball 3-2: Foul Ball, location: 2F 3-2: Strikes out swinging
|
| Bottom of the 8th over - 0 runs, 0 hits, 0 errors, 0 left on base; Asheville 4 - Knoxville 5 |
| TOP OF THE 9TH |
|
Asheville Tourists batting - Pitching for Knoxville Blue Jays : RHP Dan Greenhalgh
|
|
Pitching: LHP Jeff Haines
|
|
|
Now in RF: Ken Bolek
|
|
|
Batting: RHB Mike Garcia
|
0-0: Ball 1-0: Ball 2-0: Called Strike 2-1: Fly out, F8 (Flyball, 8LXD, EV 102.5 MPH)
|
|
Batting: RHB Ulises Infante
|
0-0: Swinging Strike 0-1: Ball 1-1: Ball 2-1: Swinging Strike 2-2: Strikes out swinging
|
|
Batting: LHB Steven Morrison
|
0-0: Called Strike 0-1: Foul Ball, location: 2F 0-2: Ball 1-2: Ball 2-2: Fly out, F4 (Popup, 34, EV 76.3 MPH)
|
| Top of the 9th over - 0 runs, 0 hits, 0 errors, 0 left on base; Asheville 4 - Knoxville 5 |
|